 Dungeon Crawl Stone Soup version 0.32-a0-128-g77eb882913 (webtiles) character file.

Game seed: 6015820853748695777

2969 jasper the Jinx (level 9, -1/75 HPs)
             Began as a Deep Elf Earth Elementalist on Feb 7, 2024.
             Was a Follower of Vehumet.
             Slain by Grum
             ... wielding a -2 glaive
              (15 damage)
             ... in a bailey.
             The game lasted 00:10:26 (6095 turns).

jasper the Jinx (Deep Elf Earth Elementalist)       Turns: 6095, Time: 00:10:27

Health: -1/75      AC: 24    Str:  5    XL:     9   Next: 52%
Magic:  2/20       EV:  2    Int: 25    God:    Vehumet [*.....]
Gold:   558        SH:  0    Dex: 15    Spells: 4/20 levels left

rFire   . . .        v - +3 dagger (venom)
rCold   + . .        (no shield)
rNeg    . . .        i - melded +2 robe {rC+ rF+}
rPois   +            y - melded +0 helmet
rElec   .            u - melded scarf {repulsion}
rCorr   +            t - melded +0 pair of gloves
SInv    .            p - melded +0 pair of boots
Will    .....        (no amulet)
Stlth   ++           m - ring of resist corrosion
HPRegen 0.32/turn    A - ring of protection from cold
MPRegen 0.17/turn

%: no passive effects
@: tree-form
A: stationary, stasis, torment immunity, boosted hp
a: Renounce Religion


You were in a bailey.
You worshipped Vehumet.
Vehumet was aware of your devotion.
You were a tree.
You visited 2 branches of the dungeon, and saw 8 of its levels.
You also visited: Bailey.

You collected 558 gold pieces.

Inventory:

Hand Weapons
 h - a +1 spectral dagger
 v - a +3 dagger of venom (weapon)
Missiles
 k - 8 throwing nets
 w - 25 stones
Armour
 a - a +0 robe
 e - the +7 shadow dragon scales of Eternal Vigilance {Regen+ Stlth++++}
   (You found it in a bailey)

   Regen+:    It increases your rate of health regeneration.
   Stlth++++: It makes you much more stealthy.
 i - a +2 robe of resistance (melded)
 p - a +0 pair of boots (melded)
 t - a +0 pair of gloves (melded)
 u - a scarf of repulsion (melded)
 y - a +0 helmet (melded)
Jewellery
 l - a +6 ring of strength
 m - a ring of resist corrosion (left branch)
 A - a ring of protection from cold (right branch)
 E - a +6 ring of strength
Wands
 f - a wand of digging (5)
 o - a wand of flame (16)
 B - a wand of roots (9)
Scrolls
 b - a scroll of vulnerability
 r - 3 scrolls of teleportation
Potions
 c - 3 potions of enlightenment
 d - a potion of mutation
 g - a potion of attraction
 n - a potion of lignification
 z - a potion of cancellation
 D - a potion of degeneration
 F - a potion of haste {unknown}


   Skills:
 - Level 3.1 Fighting
 - Level 5.3 Dodging
 - Level 2.4 Stealth
 - Level 6.0 Spellcasting
 - Level 5.0 Conjurations
 + Level 8.9 Hexes
 + Level 7.3 Summonings
 - Level 5.0 Earth Magic


You had 4 spell levels left.
You knew the following spells:

 Your Spells              Type           Power      Damage    Failure   Level
a - Apportation           Tloc           14%        N/A       8%          1
b - Passwall              Erth           32%        N/A       2%          3
c - Stone Arrow           Conj/Erth      64%        3d11      2%          3
d - Brom's Barrelling Bo  Conj/Erth      32%        2d5       10%         4
e - Summon Mana Viper     Hex/Summ       48%        N/A       8%          5

Your spell library contained the following spells:

 Spells                   Type           Power      Damage    Failure   Level
 Foxfire                  Conj/Fire      80%        2x1d8     2%          1
 Sandblast                Erth           64%        2d14      1%          1
 Summon Small Mammal      Summ           100%       N/A       1%          1
 Call Imp                 Summ           88%        N/A       1%          2
 Jinxbite                 Hex            100%       N/A       1%          2
 Sting                    Conj/Alch      80%        1d8       2%          1
 Necrotise                Necr           28%        1d5       8%          1
 Sublimation of Blood     Necr           7%         N/A       11%         2
 Gell's Gravitas          Tloc           7%         N/A       22%         3
 Teleport Other           Tloc           7%         N/A       22%         3
 Petrify                  Alch/Erth      20%        N/A       26%         4
 Vhi's Electric Charge    Tloc/Air       14%        N/A       58%         4
 Yara's Violent Unravell  Hex/Alch       14%        3d7       32%         5
 Summon Forest            Summ/Tloc      12%        N/A       41%         5
 Summon Cactus Giant      Summ           22%        N/A       50%         6
 Arcjolt                  Conj/Air       10%        1d20      58%         5
 Enfeeble                 Hex            25%        N/A       85%         7
 Summon Hydra             Summ           22%        N/A       97%         7
 Dispersal                Tloc           3%         N/A       100%        6
 Maxwell's Capacitive Co  Air            3%         ∞         100%        8


Dungeon Overview and Level Annotations

Branches:
Dungeon (7/15)             Temple (1/1) D:4          Bailey (1/1)

Altars:
Ashenzari
Cheibriados
Dithmenos
Elyvilon
Fedhas
Gozag
Hepliaklqana
Makhleb
Okawaru
Qazlal
Ru
Sif Muna
Trog
Uskayaw
Vehumet
Wu Jian
Xom
Yredelemnul

Annotations:
Bailey Grum


Message History

Grum barely misses your mana viper.
Your mana viper bites Grum.
Your mana viper completely misses Grum.
There is an open door here.
Your mana viper completely misses Grum.
The gnoll completely misses your mana viper.
Your mana viper bites Grum!
The gnoll hits your mana viper with a +0 trident!
Your mana viper bites the gnoll!
Grum hits you from afar with a -2 glaive!
Your mana viper barely misses the gnoll.
The gnoll barely misses your mana viper.
You take 10 damage, and have 16/50 hp.
Your mana viper bites the gnoll but does no damage.
Grum hits you with a -2 glaive.
* * * LOW HITPOINT WARNING * * *
The gnoll hits your mana viper with a +0 trident.
Your mana viper bites the gnoll.
The gnoll dies!
Vehumet accepts your kill.
You take 5 damage, and have 11/50 hp.
You turn into a tree.
Your scarf of repulsion melds into your body.
Your +0 helmet melds into your body.
Your +0 pair of gloves melds into your body.
Your +0 pair of boots melds into your body.
Your +2 robe of resistance melds into your body.
The haze of the repulsion field disappears.
You feel hot and cold all over.
Your roots penetrate the ground.
Grum hits you with a -2 glaive.
* * * LOW HITPOINT WARNING * * *
Your mana viper bites Grum.
You now have 14/75 hp.
You hit Grum.
Grum is poisoned.
Grum is heavily wounded.
Your mana viper barely misses Grum.
Grum hits you but does no damage.
Your mana viper bites Grum.
You hit Grum.
Grum looks as sick as possible!
Grum is severely wounded.
Grum hits you with a -2 glaive!
You die...

♣♣.....).....♣♣♣
.......÷.......♣
≈≈≈≈≈≈.).≈≈≈≈≈≈≈♣
.......).......≈≈♣
........).......≈♣
######'))######.≈♣
#...#..).#.≈♣
#...#'#####≈♣
#.).#.♣...#≈♣
##)##.g..ß#
##...##S...#
##.....##)..#
#.......#[†.# #..
#...ß...#'###
#...#.......#)†.#
#...##.....##...#
#..gg##...##....#


You could see Grum (extremely poisoned, ally target) and a friendly mana viper
(summoned).

Vanquished Creatures
  4 vampire mosquitoes (D:5)
  Edmund (D:6)
  An ice beast (D:6)
  A black bear (D:5)
  A wolf (Bailey)
  An ogre (D:6)
  2 centaurs (D:5)
  A phantom (D:5)
  A bullfrog (D:6)
  A gnoll sergeant (Bailey)
  A gnoll bouda (Bailey)
  2 hounds
  2 jellies
  6 iguanas
  Natasha (thrice) (D:3)
  2 orc wizards (D:7)
  Robin (D:4)
  4 gnolls (Bailey)
  3 adders
  4 white imps
  A ribbon worm (D:3)
  3 dart slugs
  8 orcs
  8 ball pythons
  4 bats
  4 endoplasms
  8 goblins
  6 hobgoblins
  8 jackals
  3 quokkas
  3 frilled lizards
  9 kobolds
  2 rats
109 creatures vanquished.

Vanquished Creatures (collateral kills)
  4 wolves (Bailey)
  6 gnoll sergeants (Bailey)
  2 orc priests (D:7)
  A hound (Bailey)
  4 gnoll boudas (Bailey)
  An orc wizard (D:7)
  13 gnolls (Bailey)
  An orc (D:7)
  2 goblins (D:7)
34 creatures vanquished.

Vanquished Creatures (others)
  A goblin (D:7)
  A kobold (D:7)
2 creatures vanquished.

Grand Total: 145 creatures vanquished

Notes
Turn   | Place    | Note
-------+----------+-------------------------------------------
     0 | D:1      | jasper the Deep Elf Earth Elementalist began the quest for
                  | the Orb.
     0 | D:1      | Reached XP level 1. HP: 10/10 MP: 6/6
   410 | D:1      | Reached XP level 2. HP: 15/15 MP: 6/8
  1143 | D:2      | Found a shimmering altar of Xom.
  1170 | D:2      | Reached XP level 3. HP: 19/19 MP: 6/9
  1174 | D:2      | Learned a level 3 spell: Passwall
  1178 | D:2      | Learned a level 3 spell: Stone Arrow
  1472 | D:3      | Reached skill level 5 in Earth Magic
  1552 | D:3      | Noticed Natasha
  1556 | D:3      | Killed Natasha
  1557 | D:3      | Reached XP level 4. HP: 21/24 MP: 5/10
  2029 | D:3      | Noticed Natasha
  2032 | D:3      | Killed Natasha
  2226 | D:3      | Noticed Natasha
  2230 | D:3      | Killed Natasha
  2231 | D:3      | Reached XP level 5. HP: 28/28 MP: 6/11
  2231 | D:3      | Found a burning altar of Makhleb.
  2854 | D:4      | Noticed Robin
  2855 | D:4      | Reached skill level 5 in Conjurations
  3069 | D:4      | Killed Robin
  3199 | D:4      | Found an iron altar of Okawaru.
  3290 | D:4      | Found a staircase to the Ecumenical Temple.
  3371 | Temple   | Entered the Ecumenical Temple
  3388 | Temple   | Became a worshipper of Vehumet
  3416 | D:5      | Entered Level 5 of the Dungeon
  3427 | D:5      | Reached XP level 6. HP: 33/33 MP: 9/12
  3432 | D:5      | Learned a level 4 spell: Brom's Barrelling Boulder
  3581 | D:5      | Found a shimmering altar of Xom.
  3644 | D:5      | Noticed a vampire mosquito
  3650 | D:5      | Killed a vampire mosquito
  3651 | D:5      | Reached skill level 1 in Fighting
  3661 | D:5      | Noticed a vampire mosquito
  3666 | D:5      | Killed a vampire mosquito
  3667 | D:5      | Reached XP level 7. HP: 9/40 MP: 9/15
  3793 | D:5      | Noticed a vampire mosquito
  3793 | D:5      | Noticed a vampire mosquito
  3796 | D:5      | Killed a vampire mosquito
  3797 | D:5      | Reached skill level 5 in Spellcasting
  3803 | D:5      | Killed a vampire mosquito
  3990 | D:5      | Found a shadowy altar of Dithmenos.
  3996 | D:5      | Reached skill level 5 in Dodging
  4212 | D:5      | Learned a level 5 spell: Summon Mana Viper
  4341 | D:5      | Reached skill level 1 in Hexes
  4341 | D:5      | Reached skill level 1 in Summonings
  4341 | D:5      | Reached XP level 8. HP: 46/46 MP: 12/19
  4391 | D:5      | Reached skill level 2 in Hexes
  4506 | D:6      | Reached skill level 3 in Hexes
  4557 | D:6      | Reached skill level 4 in Hexes
  4642 | D:6      | Noticed Edmund
  4649 | D:6      | Killed Edmund
  4790 | D:6      | Reached skill level 5 in Hexes
  5316 | D:7      | Found a flagged portal.
  5344 | D:7      | Reached skill level 6 in Hexes
  5349 | D:7      | Reached skill level 5 in Summonings
  5449 | Bailey   | Entered a bailey
  5456 | Bailey   | Reached * piety under Vehumet
  5456 | Bailey   | Offered knowledge of Foxfire by Vehumet.
  5615 | Bailey   | Reached XP level 9. HP: 50/50 MP: 6/20
  5619 | Bailey   | Learned a level 1 spell: Apportation
  5795 | Bailey   | Reached skill level 7 in Hexes
  5939 | Bailey   | Reached skill level 8 in Hexes
  6019 | Bailey   | Identified the +7 shadow dragon scales of Eternal Vigilance
                  | {Regen+ Stlth++++}
  6064 | Bailey   | Noticed Grum
  6095 | Bailey   | Slain by Grum

Illustrated notes

Levels and vault maps discovered:
D:1:      dpeg_arrival_snail, layout_basic
D:2:      layout_rooms, basic_altar
D:3:      layout_basic, mainiacjoe_overflow_surrounded_room, serial_forest,
          infiniplex_forest_clump_medium, infiniplex_forest_straight_2,
          infiniplex_forest_lined_room_3, infiniplex_forest_lined_2,
          infiniplex_forest_straight_3, infiniplex_forest_straight_3,
          infiniplex_forest_clump_diagonal, infiniplex_forest_straight_2,
          infiniplex_forest_pool, uniq_natasha
D:4:      layout_cave_pools, okawaru_trees_2, minmay_temple_entry_glassed_door,
          uniq_robin
D:5:      layout_rooms, grunt_dithmenos_shadows,
          mainiacjoe_overflow_concentric_impassable, hangedman_glass_teeth
D:6:      layout_cave_pools, uniq_edmund
D:7:      layout_loops_corners, lemuel_doored_altar, enter_bailey_5,
          serial_shops, shop, kennysheep_mini_moat, shop
Temple:   nicolae_temple_bog_church
Bailey:   bailey_polearm_gnolls_kennysheep, bailey

Skill      XL: |  1  2  3  4  5  6  7  8  9 |
---------------+----------------------------+-----
Earth Magic    | 4 5 |  5.0
Conjurations   | 2 3 5 |  5.0
Dodging        | 4 5 |  5.3
Fighting       | 2 3 |  3.1
Spellcasting   | 4 6 |  6.0
Hexes          | 1 6 8 |  8.9
Summonings     | 1 5 7 |  7.3
Stealth        | |  2.4

Action                     |  1- 3 |  4- 6 |  7- 9 || total
---------------------------+-------+-------+-------++-------
  Melee: Dagger            |       |       |    21 ||    21
   Cast: Sandblast         |    34 |    85 |    20 ||   139
         Stone Arrow       |       |     6 |    54 ||    60
         Summon Mana Viper |       |       |    11 ||    11
    Use: Scroll            |       |     6 |    12 ||    18
         Potion            |       |     1 |     2 ||     3
 Armour: Robe              |     6 |    35 |    54 ||    95
         Skin              |       |       |     3 ||     3
  Dodge: Dodged            |     1 |    48 |    56 ||   105
         Repelled          |       |     2 |     3 ||     5

Table legend: (Time is in decaauts)
 A = Elapsed time spent in this place.
 B = Non-inter-level travel time spent in this place.
 C = Inter-level travel time spent in this place.
 D = Time resting spent in this place.
 E = Time spent auto-exploring this place.
 F = Levels seen in this place.
 G = Mean time per level.
                   A        B        C        D        E       F      G
               +--------+--------+--------+--------+--------+-----+--------+
         Total |   6169 |   5925 |    244 |    154 |   4820 |   9 |  685.4 |
       Dungeon |   5488 |   5276 |    212 |    154 |   4329 |   7 |  784.0 |
        Temple |     34 |      2 |     32 |      0 |      0 |   1 |   34.0 |
        Bailey |    645 |    645 |      0 |      0 |    491 |   1 |  645.0 |
               +--------+--------+--------+--------+--------+-----+--------+

Top non-repeatable levels by time:
     D:3: 1208 daAuts
     D:5: 1098 daAuts
     D:1: 854 daAuts
     D:4: 826 daAuts
     D:6: 747 daAuts
  Bailey: 645 daAuts
     D:2: 549 daAuts
     D:7: 204 daAuts
  Temple: 34 daAuts
